NWL (28 & UNDER)
CASPER GHOSTS @ BISMARCK BARONS
05/27/2029
 
TOP OF THE 1ST
Casper Ghosts batting - Pitching for Bismarck Barons : LHP Tim Davidson
Pitching: LHP Tim Davidson
Batting: RHB Troy Reed 0-0: Bunted foul
0-1: Ball
1-1: Ball
2-1: Foul Ball, location: 2F
2-2: Foul Ball, location: 2F
2-2: Fly out, F9 (Flyball, 9S)
Batting: RHB Mark Arnold 0-0: Called Strike
0-1: Foul Ball, location: 2F
0-2: SOLO HOME RUN (Line Drive, 78XD), Distance : 388 ft
Batting: RHB Paul Richard 0-0: Ball
1-0: Ground out 5-3 (Groundball, 56)
Batting: RHB Alberto Soto 0-0: Foul Ball, location: 2F
0-1: Foul Ball, location: 2F
0-2: Ball
1-2: Ball
2-2: Foul Ball, location: 2F
2-2: Fly out, F3 (Popup, 3SF)
Top of the 1st over - 1 run, 1 hit, 0 errors, 0 left on base; Casper 1 - Bismarck 0
BOTTOM OF THE 1ST
Bismarck Barons batting - Pitching for Casper Ghosts : RHP Larry Jenkins
Pitching: RHP Larry Jenkins
Batting: RHB Dave Anderson 0-0: Ground out 5-3 (Groundball, 56S)
Batting: RHB Eugenio Maldonado 0-0: Ball
1-0: Called Strike
1-1: Ground out 6-3 (Groundball, 6)
Batting: RHB Jason Stover 0-0: Called Strike
0-1: Ball
1-1: Foul Ball, location: 2F
1-2: Ball
2-2: Fly out, F9 (Flyball, 89S)
Bottom of the 1st over - 0 runs, 0 hits, 0 errors, 0 left on base; Casper 1 - Bismarck 0
TOP OF THE 2ND
Casper Ghosts batting - Pitching for Bismarck Barons : LHP Tim Davidson
Batting: LHB Ralph Cobb 0-0: SINGLE (Groundball, 34S) (infield hit)
Batting: RHB Miguel Toro 0-0: Ball
Ralph Cobb is caught stealing 2nd base
1-0: Ball
2-0: Called Strike
2-1: Swinging Strike
2-2: Foul Ball, location: 2F
2-2: Fly out, F8 (Flyball, 89S)
Batting: RHB Robert Acosta 0-0: Ball
1-0: Ball
2-0: Called Strike
2-1: Ground out 6-3 (Groundball, 6M)
Top of the 2nd over - 0 runs, 1 hit, 0 errors, 0 left on base; Casper 1 - Bismarck 0
BOTTOM OF THE 2ND
Bismarck Barons batting - Pitching for Casper Ghosts : RHP Larry Jenkins
Batting: RHB Fernando Castellanos 0-0: Called Strike
0-1: Foul Ball, location: 2F
0-2: Ball
1-2: Foul Ball, location: 2F
1-2: Foul Ball, location: 2F
1-2: Ball
2-2: Ball
3-2: Strikes out swinging
Batting: LHB Corey MacGregor 0-0: Hit by Pitch
Batting: RHB Dennis Garner 0-0: SINGLE (Flyball, 9S)
Corey MacGregor to second
Runner from 2nd tries for 3rd, SAFE, no throw
Batting: RHB Xie-li Fong 0-0: Ball
1-0: Ball
2-0: Ball
3-0: Base on Balls
Dennis Garner to second
Batting: RHB José Ruíz 0-0: Foul Ball, location: 2F
0-1: Ball
1-1: Ball
2-1: Foul Ball, location: 2F
2-2: Ball
3-2: Strikes out swinging
Batting: RHB Rubén Palma 0-0: Called Strike
0-1: Ground out U3 (Groundball, 3)
Bottom of the 2nd over - 0 runs, 1 hit, 0 errors, 3 left on base; Casper 1 - Bismarck 0
TOP OF THE 3RD
Casper Ghosts batting - Pitching for Bismarck Barons : LHP Tim Davidson
Batting: LHB Ramón Córdova 0-0: Ball
1-0: Ball
2-0: Ground out 6-3 (Groundball, 6)
Batting: SHB José González 0-0: Ball
1-0: Ball
2-0: Called Strike
2-1: Foul Ball, location: 2F
2-2: Ball
3-2: Ground out 4-3 (Groundball, 4)
Batting: RHB Troy Reed 0-0: Called Strike
0-1: Foul Ball, location: 2F
0-2: Ball
1-2: Ground out 6-3 (Groundball, 6S)
Top of the 3rd over - 0 runs, 0 hits, 0 errors, 0 left on base; Casper 1 - Bismarck 0
BOTTOM OF THE 3RD
Bismarck Barons batting - Pitching for Casper Ghosts : RHP Larry Jenkins
Batting: RHB Dave Anderson 0-0: Ball
1-0: Ball
2-0: Ground out U3 (Groundball, 34S)
Batting: RHB Eugenio Maldonado 0-0: Ball
1-0: Called Strike
1-1: Ball
2-1: Ball
3-1: Base on Balls
Batting: RHB Jason Stover 0-0: Ball
1-0: Foul Ball, location: 2F
1-1: SINGLE (Line Drive, 6MD)
Eugenio Maldonado to second
Batting: RHB Fernando Castellanos 0-0: Foul Ball, location: 2F
0-1: Grounds into double play, 1-4-3 (Groundball, 15S)
Bottom of the 3rd over - 0 runs, 1 hit, 0 errors, 1 left on base; Casper 1 - Bismarck 0
TOP OF THE 4TH
Casper Ghosts batting - Pitching for Bismarck Barons : LHP Tim Davidson
Batting: RHB Mark Arnold 0-0: Called Strike
0-1: Swinging Strike
0-2: Strikes out looking
Batting: RHB Paul Richard 0-0: Ball
1-0: Called Strike
1-1: Ball
2-1: Ball
3-1: Ground out 5-3 (Groundball, 56S)
Batting: RHB Alberto Soto 0-0: Called Strike
0-1: Called Strike
0-2: Strikes out swinging
Top of the 4th over - 0 runs, 0 hits, 0 errors, 0 left on base; Casper 1 - Bismarck 0
BOTTOM OF THE 4TH
Bismarck Barons batting - Pitching for Casper Ghosts : RHP Larry Jenkins
Batting: LHB Corey MacGregor 0-0: Ball
1-0: Ball
2-0: Called Strike
2-1: Swinging Strike
2-2: Ball
3-2: Ground out U3 (Groundball, 3)
Batting: RHB Dennis Garner 0-0: Ball
1-0: Ball
2-0: Ground out 6-3 (Groundball, 6)
Batting: RHB Xie-li Fong 0-0: Called Strike
0-1: Swinging Strike
0-2: Strikes out looking
Bottom of the 4th over - 0 runs, 0 hits, 0 errors, 0 left on base; Casper 1 - Bismarck 0
TOP OF THE 5TH
Casper Ghosts batting - Pitching for Bismarck Barons : LHP Tim Davidson
Batting: LHB Ralph Cobb 0-0: Ball
1-0: Called Strike
1-1: Ground out 5-3 (Groundball, 5)
Batting: RHB Miguel Toro 0-0: SOLO HOME RUN (Flyball, 7LD), Distance : 331 ft
Batting: RHB Robert Acosta 0-0: Fly out, F6 (Line Drive, 56)
Batting: LHB Ramón Córdova 0-0: Foul Ball, location: 2F
0-1: Foul Ball, location: 2F
0-2: Ball
1-2: Ball
2-2: Ball
3-2: Strikes out swinging
Top of the 5th over - 1 run, 1 hit, 0 errors, 0 left on base; Casper 2 - Bismarck 0
BOTTOM OF THE 5TH
Bismarck Barons batting - Pitching for Casper Ghosts : RHP Larry Jenkins
Batting: RHB José Ruíz 0-0: Bunt missed!
0-1: Ball
1-1: Called Strike
1-2: Ball
2-2: Ground out 4-3 (Groundball, 4)
Batting: RHB Rubén Palma 0-0: Ball
1-0: Called Strike
1-1: Ground out 4-3 (Groundball, 34)
Batting: RHB Dave Anderson 0-0: Called Strike
0-1: Swinging Strike
0-2: Fly out, F8 (Flyball, 8RD)
Bottom of the 5th over - 0 runs, 0 hits, 0 errors, 0 left on base; Casper 2 - Bismarck 0
TOP OF THE 6TH
Casper Ghosts batting - Pitching for Bismarck Barons : LHP Tim Davidson
Batting: SHB José González 0-0: Ball
1-0: Foul Ball, location: 2F
1-1: Ball
2-1: Ground out 3-1 (Groundball, 34)
Batting: RHB Troy Reed 0-0: Called Strike
0-1: Ball
1-1: Ball
2-1: DOUBLE (Flyball, 89D)
Batting: RHB Mark Arnold 0-0: Ball
Wild Pitch!
Troy Reed to third
1-0: Ball
Steal of home, Troy Reed is safe
2-0: Ball
3-0: Base on Balls
Batting: RHB Paul Richard 0-0: Ball
1-0: Ball
2-0: Ground out 6-3 (Groundball, 6S)
Mark Arnold to second
Batting: RHB Alberto Soto 0-0: Ball
1-0: Fly out, F7 (Flyball, 7LD)
Top of the 6th over - 1 run, 1 hit, 0 errors, 1 left on base; Casper 3 - Bismarck 0
BOTTOM OF THE 6TH
Bismarck Barons batting - Pitching for Casper Ghosts : RHP Larry Jenkins
Batting: RHB Eugenio Maldonado 0-0: Ground out 4-3 (Groundball, 4)
Batting: RHB Jason Stover 0-0: Called Strike
0-1: Ball
1-1: Swinging Strike
1-2: Foul Ball, location: 2F
1-2: Ball
2-2: Ground out 5-3 (Groundball, 5L)
Batting: RHB Fernando Castellanos 0-0: Ball
1-0: Fly out, F8 (Flyball, 89XD)
Bottom of the 6th over - 0 runs, 0 hits, 0 errors, 0 left on base; Casper 3 - Bismarck 0
TOP OF THE 7TH
Casper Ghosts batting - Pitching for Bismarck Barons : LHP Tim Davidson
Batting: LHB Ralph Cobb 0-0: Swinging Strike
0-1: Foul Ball, location: 2F
0-2: Ball
1-2: Strikes out swinging
Batting: RHB Miguel Toro 0-0: Called Strike
0-1: Swinging Strike
0-2: Fly out, F8 (Flyball, 8LM)
Batting: RHB Robert Acosta 0-0: Called Strike
0-1: Foul Ball, location: 2F
0-2: Ground out 4-3 (Groundball, 4)
Top of the 7th over - 0 runs, 0 hits, 0 errors, 0 left on base; Casper 3 - Bismarck 0
BOTTOM OF THE 7TH
Bismarck Barons batting - Pitching for Casper Ghosts : RHP Larry Jenkins
Batting: LHB Corey MacGregor 0-0: Called Strike
0-1: Ground out 4-3 (Groundball, 4)
Batting: RHB Dennis Garner 0-0: SINGLE (Groundball, 4S) (infield hit)
Batting: RHB Xie-li Fong 0-0: Called Strike
Dennis Garner steals 2nd base
0-1: Fly out, F4 (Popup, 34D)
Batting: RHB José Ruíz 0-0: SINGLE (Line Drive, 34)
Dennis Garner to third
Runner from 3rd tries for Home, SAFE, no throw
Batting: RHB Rubén Palma 0-0: Ball
1-0: Ball
2-0: Called Strike
2-1: Ball
3-1: Called Strike
3-2: Strikes out swinging
Bottom of the 7th over - 1 run, 2 hits, 0 errors, 1 left on base; Casper 3 - Bismarck 1
TOP OF THE 8TH
Casper Ghosts batting - Pitching for Bismarck Barons : LHP Tim Davidson
Batting: LHB Ramón Córdova 0-0: Ball
1-0: Ball
2-0: Fly out, F5 (Popup, 5F)
Batting: SHB José González 0-0: Foul Ball, location: 2F
0-1: Ground out 6-3 (Groundball, 6)
Batting: RHB Troy Reed 0-0: Ground out 6-3 (Groundball, 6)
Top of the 8th over - 0 runs, 0 hits, 0 errors, 0 left on base; Casper 3 - Bismarck 1
BOTTOM OF THE 8TH
Bismarck Barons batting - Pitching for Casper Ghosts : RHP Larry Jenkins
Batting: RHB Dave Anderson 0-0: Ball
1-0: Ball
2-0: Ball
3-0: Called Strike
3-1: Base on Balls
Pitching: RHP Pablo Lima
Batting: RHB Eugenio Maldonado 0-0: Ball
1-0: Ball
2-0: Grounds into double play, 1-4-3 (Groundball, 15)
Batting: RHB Jason Stover 0-0: Ball
1-0: Called Strike
1-1: Ball
2-1: Ball
3-1: Base on Balls
Batting: RHB Fernando Castellanos 0-0: Ball
1-0: Ball
2-0: Called Strike
2-1: Ball
3-1: Swinging Strike
3-2: Strikes out swinging
Bottom of the 8th over - 0 runs, 0 hits, 0 errors, 1 left on base; Casper 3 - Bismarck 1
TOP OF THE 9TH
Casper Ghosts batting - Pitching for Bismarck Barons : LHP Tim Davidson
Pitching: RHP Ignacio Beltrán
Batting: RHB Mark Arnold 0-0: Ball
1-0: Swinging Strike
1-1: Ball
2-1: Swinging Strike
2-2: Ball
3-2: Strikes out swinging
Batting: RHB Paul Richard 0-0: Ball
1-0: Called Strike
1-1: Ground out 6-3 (Groundball, 6)
Batting: RHB Alberto Soto 0-0: Called Strike
0-1: Swinging Strike
0-2: Strikes out swinging
Top of the 9th over - 0 runs, 0 hits, 0 errors, 0 left on base; Casper 3 - Bismarck 1
BOTTOM OF THE 9TH
Bismarck Barons batting - Pitching for Casper Ghosts : RHP Pablo Lima
Batting: LHB Corey MacGregor 0-0: Ball
1-0: Ball
2-0: Ball
3-0: Called Strike
3-1: Base on Balls
Pinch Hitting: LHB Jorge Fernández 0-0: Foul Ball, location: 2F
0-1: Ball
1-1: DOUBLE (Groundball, 3L)
Corey MacGregor to third
Pinch Hitting: SHB José Gonzáles 0-0: Foul Ball, location: 2F
0-1: Swinging Strike
0-2: Strikes out looking
Pinch Hitting: LHB Ralph Jackson 0-0: Called Strike
0-1: Swinging Strike
0-2: Strikes out looking
Pinch Hitting: RHB Félix Trevino 0-0: Ball
1-0: Called Strike
1-1: Ball
2-1: Foul Ball, location: 2F
2-2: Ball
3-2: Fly out, F8 (Flyball, 89D)
Bottom of the 9th over - 0 runs, 1 hit, 0 errors, 2 left on base; Casper 3 - Bismarck 1
Saturday, December 16th, 2017 - OOTP Baseball 18.8 Build 76